 Dungeon Crawl Stone Soup version 0.31-a0-875-g02e7d12df6 (webtiles) character file.

Game seed: 6917237550028692927

61 LeprechaunX the Changeling (level 4, -1/29 HPs)
             Began as an Octopode Shapeshifter on Oct 12, 2023.
             Slain by an orc priest
             ... wielding a +0 club
              (6 damage)
             ... on level 3 of the Dungeon.
             The game lasted 00:01:16 (2045 turns).

LeprechaunX the Changeling (Octopode Shapeshifter)  Turns: 2045, Time: 00:01:17

Health: -1/29      AC:  1    Str: 15    XL:     4   Next: 7%
Magic:  4/4        EV: 18    Int: 12    God:
Gold:   82         SH:  0    Dex: 11    Spells: 3/3 levels left

rFire   . .          .
                       - Unarmed
rCold   . . .        (no shield)
rNeg    . . .        (helmet currently unavailable)
rPois   .            (no amulet)
rElec   .            e - ring of see invisible
rCorr   .            l - +5 ring of evasion
SInv    +            (no ring)
Will    .....        (no ring)
Stlth   ++           (no ring)
HPRegen 0.24/turn    (no ring)
MPRegen 0.09/turn    (no ring)
                     (no ring)

%: no passive effects
@: beast-form
A: beast (slay +2), almost no armour, amphibious, 8 rings, camouflage 1,
gelatinous body 1, (nimble swimmer 1), tentacles
a: Begin Untransformation


You were on level 3 of the Dungeon.
You were a hulking beast.
You visited 1 branch of the dungeon, and saw 3 of its levels.

You collected 82 gold pieces.

Inventory:

Jewellery
 e - a ring of see invisible (left tentacle)
 l - a +5 ring of evasion (right tentacle)
 o - an amulet of faith
Talismans
 b - a beast talisman (active)
 c - a flux talisman
Scrolls
 d - 3 scrolls of identify {unknown}
 f - a scroll of silence {unknown}
 i - a scroll of immolation {unknown}
 j - a scroll of noise {unknown}
 k - a scroll of butterflies {unknown}
 p - a scroll of fear {unknown}
 q - a scroll of amnesia {unknown}
Potions
 a - a potion of lignification
 g - a potion of mutation {unknown}
 h - 2 potions of magic {unknown}
 m - 2 potions of heal wounds {unknown}
 n - a potion of curing {unknown}
 r - a potion of enlightenment {unknown}


   Skills:
 + Level 1.8 Fighting
 + Level 2.6 Dodging
 + Level 3.4 Unarmed Combat
 * Level 3.6 Shapeshifting


You had 3 spell levels left.
You didn't know any spells.
Your spell library contained the following spells:

 Spells                   Type           Power      Damage    Failure   Level
 Apportation              Tloc           0%         N/A       32%         1
 Jinxbite                 Hex            0%         N/A       45%         2
 Alistair's Intoxication  Tmut/Pois      0%         N/A       100%        5


Dungeon Overview and Level Annotations

Branches:
Dungeon (3/15)

Altars:


Innate Abilities, Weirdness & Mutations

You are a hulking beast.
Your limbs bulge with bestial killing power. (Slay +2)
You cannot wear most types of armour.
You are amphibious.
You can wear up to eight rings at the same time.
Your skin changes colour to match your surroundings (Stealth+).
Your rubbery body absorbs attacks. (AC +1, EV +1)
((You are camouflaged when in or above water. (Stealth+)))
You have tentacles for arms and can constrict up to eight enemies at once.


Message History

An orc comes into view. It is wielding a +0 dagger.
The rat closely misses you.
The orc shouts!
You tentacle-slap the orc.
You kill the orc!
The rat bites you.
You have reached level 4!
A rat comes into view.
The rat attacks as it pursues you! The rat bites you but does no damage.
A rat comes into view.
The rat attacks as it pursues you! The rat barely misses you.
The rat attacks as it pursues you! The rat bites you.
The rat attacks as it pursues you! The rat misses you.
The rat attacks as it pursues you! The rat misses you.
You tentacle-slap the rat but do no damage.
Your grab misses the rat. The rat closely misses you.
You bludgeon the rat!
You kill the rat!
You bludgeon the rat!
You kill the rat!
The rat twitches its whiskers.
You swing at nothing.
You closely miss the rat. You grab the rat. You constrict the rat.
The rat completely misses you.
You barely miss the rat. You squeeze the rat.
You kill the rat!
The orc priest invokes the aid of Beogh against you.
Beogh smites you!
You tentacle-slap the rat.
You kill the rat!
You tentacle-slap the orc priest. You grab the orc priest.
The orc priest is moderately wounded.
You constrict the orc priest.
The orc priest mumbles some strange prayers to Beogh against you.
Beogh smites you!
* * * LOW HITPOINT WARNING * * *
You tentacle-slap the orc priest.
The orc priest is severely wounded.
You constrict the orc priest. The orc priest hits you with a +0 club.
You die...

##...... #...............
........ .. ####...r...........
##...... ..# ..............?....
##...... .... ###...............
.............######..............
.....# #.......#.(.......##.....#
..##.###.........#..###### ######
..##.........##.##o##
.###.........##.hor##############
.###.#...#....####..........##...
.....#..........##.###...........
...#.#(..#......##.##............
...#.#...#......##.##............
..#..#...#......##...............
...................##............
....##...##..#.###.##............
...########..#.# #)##............


You could see an orc priest, an orc and a rat.

Vanquished Creatures
  An adder (D:2)
  2 worms (D:3)
  A dart slug (D:3)
  2 orcs (D:3)
  6 endoplasms
  3 giant cockroaches
  A goblin (D:1)
  3 hobgoblins
  3 quokkas
  A ball python (D:3)
  4 bats
  4 frilled lizards
  4 kobolds (D:1)
  8 rats
43 creatures vanquished.

Notes
Turn   | Place    | Note
-------+----------+-------------------------------------------
     0 | D:1      | LeprechaunX the Octopode Shapeshifter began the quest for
                  | the Orb.
     0 | D:1      | Reached XP level 1. HP: 13/13 MP: 1/1
   121 | D:1      | Reached XP level 2. HP: 14/18 MP: 2/2
  1027 | D:2      | Reached XP level 3. HP: 10/23 MP: 3/3
  2028 | D:3      | Reached XP level 4. HP: 24/29 MP: 4/4
  2045 | D:3      | Slain by an orc priest

Illustrated notes

Levels and vault maps discovered:
D:1:      lemuel_arrival_rhombus, layout_basic
D:2:      layout_loops_corners, serial_glass, glass_columns_c, glass_columns_a,
          glass_columns_c, feat_on_display, item_on_display_a,
          minmay_strange_pillars, feat_on_display
D:3:      layout_rooms, bloody_makhleb, minmay_rat_hole

Action                     |  1- 3 |  4- 6 || total
---------------------------+-------+-------++-------
  Melee: Unarmed           |    78 |     8 ||    86
         Constrict         |    19 |     2 ||    21
         Tentacles         |    13 |     1 ||    14
         Punch             |     2 |       ||     2
   Stab: Sleeping          |     6 |       ||     6
 Armour: Skin              |    26 |     3 ||    29
  Dodge: Dodged            |    50 |     5 ||    55

Table legend: (Time is in decaauts)
 A = Elapsed time spent in this place.
 B = Non-inter-level travel time spent in this place.
 C = Inter-level travel time spent in this place.
 D = Time resting spent in this place.
 E = Time spent auto-exploring this place.
 F = Levels seen in this place.
 G = Mean time per level.
                   A        B        C        D        E       F      G
               +--------+--------+--------+--------+--------+-----+--------+
         Total |   2039 |   1996 |     43 |      0 |   1747 |   3 |  679.7 |
       Dungeon |   2039 |   1996 |     43 |      0 |   1747 |   3 |  679.7 |
               +--------+--------+--------+--------+--------+-----+--------+

Top non-repeatable levels by time:
     D:1: 991 daAuts
     D:2: 887 daAuts
     D:3: 160 daAuts
